 Dungeon Crawl Stone Soup version 0.29.0-4-gdea44cf6ec (webtiles) character file.

Game seed: 3031067128081134985

124 qw the Chopper (level 4, -3/31 (35) HPs)
             Began as a Demonspawn Cinder Acolyte on Sept 10, 2022.
             Was an Elder of Ignis.
             Slain by a wight
             ... wielding a +5 dire flail
              (6 damage)
             ... on level 6 of the Dungeon.
             The game lasted 00:01:05 (3697 turns).

qw the Chopper (Demonspawn Cinder Acolyte)          Turns: 3697, Time: 00:01:05

HP:   -3/31 (35)    AC: 15    Str: 16    XL:     4   Next: 81%
MP:   5/5           EV: 10    Int: 16    God:    Ignis [****..]
Gold: 131           SH:  0    Dex:  8    Spells: 5/5 levels left

rFire   + . .      SeeInvis .   Y - -1 hand axe (flame)
rCold   . . .      Faith    .   (no shield)
rNeg    . . .      Spirit   .   i - +0 ring mail
rPois   .          Reflect  .   (no helmet)
rElec   .          Harm     .   (no cloak)
rCorr   .          Rampage  .   d - +0 pair of gloves
Will    .....                   (no boots)
Stlth   ..........              (no amulet)
HPRegen 0.10/turn               (no ring)
MPRegen 0.09/turn               (no ring)

@: about to teleport, fiery-armoured, heavily drained
A: molten scales 1, powered by pain 1
a: Renounce Religion, Fiery Armour, Foxfire Swarm, Rising Flame


You were on level 6 of the Dungeon.
You worshipped Ignis.
Ignis was greatly pleased with you.
You visited 1 branch of the dungeon, and saw 4 of its levels.

You collected 131 gold pieces.


Innate Abilities, Weirdness & Mutations

You are partially covered in molten scales. (AC +2)
You sometimes gain a little power by taking damage.


   Skills:
 - Level 3.0 Fighting
 + Level 4.9 Axes
 - Level 1.0 Dodging
 - Level 1.0 Spellcasting
 - Level 2.6 Fire Magic


You had 5 spell levels left.
You didn't know any spells.
Your spell library contained the following spells:

 Spells                   Type           Power      Damage    Failure   Level
 Scorch                   Fire           18%        2d5       22%         2

Inventory:

Hand Weapons
 Y - a -1 hand axe of flaming (weapon)
Armour
 b - a +0 tower shield
 d - a +0 pair of gloves (worn)
 f - a +0 plate armour
 i - a +0 ring mail (worn)
Scrolls
 a - a scroll of identify
 g - a scroll of teleportation
Potions
 c - 2 potions of curing {unknown}
 e - a potion of heal wounds {unknown}

Dungeon Overview and Level Annotations

Branches:
Dungeon (3/15)

Altars:
Ashenzari
Okawaru
Wu Jian


Message History

2 wights come into view.
There is an open door here.
Things that are here:
a +4 dire flail; a +0 robe You hit the wight.
You burn the wight.
The wight is moderately damaged.
The wight hits you with a +5 dire flail!
You feel drained.
You barely miss the wight.
The wight is moderately damaged.
The wight barely misses you.
You hit the wight but do no damage.
The wight is moderately damaged.
The wight hits you with a +5 dire flail.
You barely miss the wight.
The wight is moderately damaged.
You barely miss the wight. The wight misses you. The wight closely misses you.
The wight hits you with a +5 dire flail!
You feel drained. The wight hits you but does no damage.
3695 ||| INVOKING Fiery Armour.
A protective cloak of flame settles atop you.
The wight hits you but does no damage.
The wight is burned by your cloak of flames.
The wight is heavily damaged.
The wight closely misses you.
You hit the wight but do no damage.
The wight is heavily damaged.
You closely miss the wight.
The wight hits you with a +5 dire flail!
The wight is burned by your cloak of flames.
The wight is severely damaged.
The wight hits you but does no damage.
The wight is burned by your cloak of flames.
The wight is lightly damaged.
3697 ||| READING 2 scrolls of teleportation.
As you read the scroll of teleportation, it crumbles to dust.
You feel strangely unstable.
The wight hits you with a +5 dire flail.
You die...

.. ..... .....
....#####
........########
+.....@z......
#.....#z......
#.....#.#####.
#.....#.#
#.....#.#
#.....#.#
#.....#.#
#######.#


You could see 2 wights.

Vanquished Creatures
  A wight (D:6)
  2 adders
  2 worms (D:2)
  7 ball pythons
  3 endoplasms
  A giant cockroach (D:3)
  3 goblins (D:1)
  3 hobgoblins
  6 jackals
  2 quokkas (D:1)
  4 bats
  2 frilled lizards (D:2)
  4 kobolds
  6 rats
46 creatures vanquished.

Vanquished Creatures (others)
  22 plants (D:2)
22 creatures vanquished.

Grand Total: 68 creatures vanquished

Notes
Turn   | Place    | Note
-------+----------+-------------------------------------------
     0 | D:1      | qw the Demonspawn Cinder Acolyte began the quest for the
                  | Orb.
     0 | D:1      | Reached XP level 1. HP: 18/18 MP: 2/2
     0 | D:1      | 0 ||| qw: Version: 0.1-a-113-g051387a
     0 | D:1      | 0 ||| qw: Game counter: 7369
     0 | D:1      | 0 ||| qw: Always use a shield: true
     0 | D:1      | 0 ||| qw: God list: Okawaru
     0 | D:1      | 0 ||| qw: Allow faded altars: false
     0 | D:1      | 0 ||| qw: Do Orc after D:15 true
     0 | D:1      | 0 ||| qw: Do second Lair branch before Depths: true
     0 | D:1      | 0 ||| qw: Lair rune preference: random
     0 | D:1      | 0 ||| qw: Plans: Normal
     0 | D:1      | 0 ||| PLANNING D:1-11
   383 | D:1      | Reached skill level 3 in Axes
   542 | D:1      | Gained mutation: You sometimes gain a little power by
                  | taking damage. [demonic ancestry]
   542 | D:1      | Reached XP level 2. HP: 19/24 MP: 3/3
   636 | D:1      | 636 ||| INVOKING Fiery Armour.
  1258 | D:1      | 1258 ||| Stepping ~*~*~tactically~*~*~ (stealth).
  1259 | D:1      | 1259 ||| Stepping ~*~*~tactically~*~*~ (stealth).
  1265 | D:1      | 1265 ||| Stepping ~*~*~tactically~*~*~ (stealth).
  1266 | D:1      | 1266 ||| Stepping ~*~*~tactically~*~*~ (stealth).
  1517 | D:1      | 1517 ||| UPGRADING to +0 pair of gloves.
  1522 | D:1      | 1522 ||| READING 2 scrolls labelled XISAEKOMAOF.
  1523 | D:1      | 1523 ||| READING scroll labelled BUFOZU OTWONWE.
  1524 | D:1      | 1524 ||| READING 2 scrolls labelled SOLUOB VUCLIPS.
  1586 | D:2      | Reached XP level 3. HP: 29/29 MP: 4/4
  1664 | D:2      | 1664 ||| Stepping ~*~*~tactically~*~*~ (stealth).
  1667 | D:2      | 1667 ||| Stepping ~*~*~tactically~*~*~ (stealth).
  1668 | D:2      | 1668 ||| Stepping ~*~*~tactically~*~*~ (stealth).
  1669 | D:2      | 1669 ||| Stepping ~*~*~tactically~*~*~ (stealth).
  1772 | D:2      | Reached skill level 4 in Axes
  1913 | D:2      | 1913 ||| Stepping ~*~*~tactically~*~*~ (stealth).
  1914 | D:2      | 1914 ||| Stepping ~*~*~tactically~*~*~ (stealth).
  1915 | D:2      | 1915 ||| Stepping ~*~*~tactically~*~*~ (stealth).
  1916 | D:2      | 1916 ||| Stepping ~*~*~tactically~*~*~ (stealth).
  1917 | D:2      | 1917 ||| Stepping ~*~*~tactically~*~*~ (stealth).
  1977 | D:2      | 1977 ||| Stepping ~*~*~tactically~*~*~ (stealth).
  1984 | D:2      | 1984 ||| Stepping ~*~*~tactically~*~*~ (stealth).
  2047 | D:2      | Reached skill level 1 in Dodging
  2234 | D:2      | 2234 ||| FLEEEEING.
  2567 | D:2      | 2567 ||| UPGRADING to +0 ring mail.
  2577 | D:2      | 2577 ||| DROPPING +0 robe.
  2578 | D:2      | 2578 ||| READING scroll labelled YFRONLAZITH.
  2679 | D:2      | 2679 ||| READING scroll labelled WAHURO ROREGA.
  2680 | D:2      | 2680 ||| DRINKING 2 silvery potions.
  2681 | D:2      | 2681 ||| DRINKING 2 green potions.
  2782 | D:2      | 2782 ||| READING 3 scrolls of identify.
  2782 | D:2      | 2782 ||| IDENTIFYING puce potion
  2783 | D:2      | 2783 ||| READING 2 scrolls of identify.
  2783 | D:2      | 2783 ||| IDENTIFYING bubbling purple potion
  2784 | D:2      | 2784 ||| DROPPING potion of flight.
  2785 | D:2      | 2785 ||| DROPPING potion of invisibility.
  2786 | D:2      | 2786 ||| DROPPING potion of attraction.
  2787 | D:2      | 2787 ||| DROPPING potion of ambrosia.
  2814 | D:3      | Found an ornate altar of the Wu Jian Council.
  2915 | D:3      | 2915 ||| Stepping ~*~*~tactically~*~*~ (stealth).
  3141 | D:3      | Found an iron altar of Okawaru.
  3170 | D:3      | Found a broken altar of Ashenzari.
  3203 | D:3      | You fall into a shaft and drop 3 floors!
  3220 | D:6      | 3220 ||| INVOKING Fiery Armour.
  3221 | D:6      | Gained mutation: You are partially covered in molten
                  | scales. (AC +2) [demonic ancestry]
  3221 | D:6      | Reached XP level 4. HP: 13/35 MP: 5/5
  3224 | D:6      | HP: 8/35 [poisoned by an adder]
  3502 | D:6      | 3502 ||| INVOKING Fiery Armour.
  3695 | D:6      | 3695 ||| INVOKING Fiery Armour.
  3696 | D:6      | HP: 2/31 [wight/+5 dire flail (8)]
  3697 | D:6      | 3697 ||| READING 2 scrolls of teleportation.
  3697 | D:6      | Slain by a wight

Levels and vault maps discovered:
D:1:      scummos_arrival_gate, layout_loops_ring, due_unseen_surprise
D:2:      layout_basic, serial_bayou, serial_bayou_ford_a, serial_bayou_pond_a,
          serial_bayou_pond_b, serial_bayou_shore_a
D:3:      layout_loops_corners, evilmike_ruin_ashenzari,
          mainiacjoe_overflow_concentric_impassable, nicolae_vehumet_radiance,
          nicolae_overflow_crystal_walls, mainiacjoe_overflow_catwalk_spiral,
          shapermc_ecumenical_altar_mp_vishouse, serial_rivers,
          chequers_serial_rivers_micro_c, chequers_serial_rivers_small_3,
          chequers_serial_rivers_room_a, chequers_serial_rivers_micro_a,
          chequers_serial_rivers_micro_a, hangedman_decor_diamond_cutter
D:6:      layout_basic, minmay_increasing_density

Skill      XL: |  1  2  3 |
---------------+----------+-----
Axes           | 3 4 |  4.9
Dodging        | 1 |  1.0
Fighting       | |  3.0
Spellcasting   | |  1.0
Fire Magic     | |  2.6

Action                   |  1- 3 |  4- 6 || total
-------------------------+-------+-------++-------
Melee: Hand axe          |   164 |    13 ||   177
Invok: Fiery Armour      |     2 |     2 ||     4
  Use: Scroll            |     7 |     1 ||     8
       Potion            |     2 |       ||     2
Armor: Robe              |    31 |       ||    31
       Ring mail         |    12 |     4 ||    16
Dodge: Dodged            |   102 |     9 ||   111

Table legend:
 A = Non-vault XP
 B = Vault XP
 C = Vault XP percentage of total XP
 D = Non-vault monster count
 E = Vault monster count
 F = Vault count percentage of total count
                 A         B        C        D         E       F
            +---------+---------+-------+---------+---------+-------
      Total |     176 |       2 |   1.1 |      44 |       2 |   4.3
            +---------+---------+-------+---------+---------+-------
        D:1 |      30 |       0 |   0.0 |      19 |       0 |   0.0
        D:2 |      46 |       2 |   4.2 |      17 |       2 |  10.5
        D:3 |       9 |       0 |   0.0 |       6 |       0 |   0.0
        D:6 |      91 |       0 |   0.0 |       2 |       0 |   0.0
            +---------+---------+-------+---------+---------+-------
